 Seeded DCSS version 0.30.1-9-gdf580d7c3d (webtiles) character file.

Game seed: 7229806256980976716 (custom seed)

107 Psyclone the Magician (level 4, 27/27 HPs)
             Began as an Octopode Venom Mage on Oct 3, 2023.
             Quit the game on level 2 of the Dungeon.
             The game lasted 00:03:46 (1551 turns).

Psyclone the Magician (Octopode Venom Mage)         Turns: 1551, Time: 00:03:47

Health: 27/27      AC:  4    Str:  6    XL:     4   Next: 85%
Magic:  19/19      EV: 13    Int: 26    God:
Gold:   68         SH:  0    Dex: 12    Spells: 10/11 levels left

rFire   + . .        c - +3 Elemental Staff {rElec rF+ rC+ AC+3}
rCold   + + +        (no shield)
rNeg    . . .        (helmet restricted)
rPois   +            (no amulet)
rElec   +            d - ring "Yjoxom" {Contam rPois rC++ MP+9 Int+8 Dex-4}
rCorr   .            e - ring of the Mage {Wiz Archmagi}
SInv    .            (no ring)
Will    .....        (no ring)
Stlth   +++          (no ring)
HPRegen 0.24/turn    (no ring)
MPRegen 0.16/turn    (no ring)
                     (no ring)

%: random rage (3%), wizardry (x1), archmagi
@: no status effects
A: almost no armour, amphibious, 8 rings, camouflage 1, gelatinous body 1,
(nimble swimmer 1), tentacles, antennae 1, agile 1, berserk 1, screaming 1
a: no special abilities


You were on level 2 of the Dungeon.
You visited 1 branch of the dungeon, and saw 3 of its levels.

You collected 68 gold pieces.

Inventory:

Hand Weapons
 c - the +3 Elemental Staff (weapon) {rElec rF+ rC+ AC+3}
   (You acquired it on level 1 of the Dungeon)

   It enhances your fire, ice, earth and air magic.
   AC:        It affects your AC (+3).
   rF:        It protects you from fire.
   rC:        It protects you from cold.
   rElec:     It insulates you from electricity.
Jewellery
 d - the ring "Yjoxom" (left tentacle) {Contam rPois rC++ MP+9 Int+8 Dex-4}
   (You acquired it on level 1 of the Dungeon)

   [ring of magical power]

   Int:       It affects your intelligence (+8).
   Dex:       It affects your dexterity (-4).
   rC:        It greatly protects you from cold.
   rPois:     It protects you from poison.
   MP:        It affects your magic capacity (+9).
   Contam:    It causes magical contamination when unequipped.
 e - the ring of the Mage (right tentacle) {Wiz Archmagi}
   (You acquired it on level 1 of the Dungeon)

   [ring of wizardry]

   It improves your spell success rate.
   Archmagi:  It increases the power of your magical spells.
Scrolls
 b - 3 scrolls of amnesia {unknown}
 g - a scroll of identify {unknown}
Potions
 a - a potion of magic
 f - 2 potions of brilliance {unknown}
 h - a potion of invisibility {unknown}
 i - 2 potions of curing {unknown}


   Skills:
 - Level 2.0 Dodging
 - Level 2.8 Stealth
 + Level 4.4 Spellcasting
 - Level 1.0 Transmutations
 - Level 3.6 Poison Magic


You had 10 spell levels left.
You knew the following spells:

 Your Spells              Type           Power      Damage    Failure   Level
a - Sting                 Tmut/Pois      100%       1d8       1%          1

Your spell library contained the following spells:

 Spells                   Type           Power      Damage    Failure   Level
 Poisonous Vapours        Pois/Air       68%        N/A       2%          2
 Cigotuvi's Dreadful Rot  Necr/Pois/Air  54%        N/A       3%          2
 Mephitic Cloud           Conj/Pois/Air  27%        N/A       6%          3
 Olgreb's Toxic Radiance  Pois           37%        N/A       8%          4
 Dispel Undead            Necr           8%         3d8       32%         4
 Freezing Cloud           Conj/Ice/Air   9%         6-21      63%         5
 Death Channel            Necr           4%         N/A       99%         6


Dungeon Overview and Level Annotations

Branches:
Dungeon (3/15) Zot: 16411

Altars:


Innate Abilities, Weirdness & Mutations

You cannot wear most types of armour.
You are amphibious.
You can wear up to eight rings at the same time.
Your skin changes colour to match your surroundings (Stealth+).
Your rubbery body absorbs attacks. (AC +1, EV +1)
((You are camouflaged when in or above water. (Stealth+)))
You have tentacles for arms and can constrict up to eight enemies at once.
You have a pair of small antennae on your head.
You are agile. (Dex +4, Str/Int -1)
You sometimes lose your temper in combat.
You occasionally shout uncontrollably at your foes.


Message History

You feel a strong urge to attack something.
You are no longer berserk.
You are exhausted.
You feel yourself slow down.
You now have 27/27 hp.
You see here a +1 morningstar of holy wrath.
You open the door.
There is an open door here.
You feel yourself speed up.
You pick up a book of Vapours and begin reading...
You add the spell Freezing Cloud to your library.
There is an open door here.
You recover from your berserk rage.
There is a stone staircase leading up here.
You climb upwards.
There is a stone staircase leading down here.
You climb downwards.
There is a stone staircase leading up here.
Key pressed, stopping explore.
Key pressed, stopping explore.
Key pressed, stopping explore.
Key pressed, stopping explore.
Key pressed, stopping explore.
There is a stone staircase leading down here.
Key pressed, stopping explore.
Key pressed, stopping explore.
Key pressed, stopping explore.
Key pressed, stopping explore.
Key pressed, stopping explore.
You see here 3 poisoned darts.
Key pressed, stopping explore.
There is an open door here.
Key pressed, stopping explore.
Key pressed, stopping explore.
Done exploring.
Done exploring.
Done exploring.
Unknown command.
Unknown command.
Are you sure you want to abandon this character and quit the game? (Confirm with "yes".)

#...#..............#.####
#....................#...
#.....<.#....####'#..#.##
#......##....# ##.#....##
#......##....# #.........
################..##.....
#...........##.....
#####...........''.....
#.....@.........##.....
#...............#......
#...............'......
########........#......
#........#.#####
#........#....#
#........####.#
#........# #.# ##########
#.##


There were no monsters in sight!

Vanquished Creatures
  A jelly (D:2)
  4 adders (D:2)
  3 worms
  2 endoplasms (D:2)
  A giant cockroach (D:3)
  3 hobgoblins (D:2)
  7 jackals
  2 quokkas
  4 ball pythons (D:2)
  2 bats
  A frilled lizard (D:1)
  A goblin (D:2)
  3 rats
34 creatures vanquished.

Notes
Turn   | Place    | Note
-------+----------+-------------------------------------------
     0 | D:1      | Psyclone the Octopode Venom Mage began the quest for the
                  | Orb.
     0 | D:1      | Reached XP level 1. HP: 11/11 MP: 3/3
    80 | D:1      | Identified 3 scrolls of acquirement
    80 | D:1      | Acquired the ring of the Mage {Wiz Archmagi}
    80 | D:1      | Found the ring of the Mage {Wiz Archmagi}
    86 | D:1      | Acquired the ring "Yjoxom" {Contam rPois rC++ MP+9 Int+8
                  | Dex-4}
   207 | D:1      | Acquired the +3 Elemental Staff {rElec rF+ rC+ AC+3}
   207 | D:1      | Found the +3 Elemental Staff {rElec rF+ rC+ AC+3}
   398 | D:1      | Gained mutation: You occasionally lose the ability to read
                  | scrolls when taking damage. [potion of mutation]
   398 | D:1      | Gained mutation: Your mind is acute. (Int +4, Str/Dex -1)
                  | [potion of mutation]
   398 | D:1      | Gained mutation: Your mind is very acute. (Int +8, Str/Dex
                  | -2) [potion of mutation]
   633 | D:3      | Reached XP level 2. HP: 15/17 MP: 5/5
   699 | D:3      | Lost mutation: Your mind is very acute. (Int +8, Str/Dex
                  | -2) [potion of mutation]
   699 | D:3      | Lost mutation: Your mind is acute. (Int +4, Str/Dex -1)
                  | [potion of mutation]
   699 | D:3      | Lost mutation: You occasionally lose the ability to read
                  | scrolls when taking damage. [potion of mutation]
   699 | D:3      | Gained mutation: You sometimes lose your temper in combat.
                  | [potion of mutation]
   699 | D:3      | Gained mutation: You occasionally shout uncontrollably at
                  | your foes. [potion of mutation]
   699 | D:3      | Gained mutation: You are agile. (Dex +4, Str/Int -1)
                  | [potion of mutation]
   699 | D:3      | Gained mutation: You have a pair of small antennae on your
                  | head. [potion of mutation]
   982 | D:2      | Reached skill level 3 in Spellcasting
   982 | D:2      | Reached XP level 3. HP: 21/21 MP: 7/7
  1223 | D:2      | Reached XP level 4. HP: 24/27 MP: 9/9
  1359 | D:2      | Reached skill level 4 in Spellcasting
  1551 | D:2      | Quit the game

Illustrated notes

Levels and vault maps discovered:
D:1:      spicycebolla_arrival_ecumenical, layout_loops_ring
D:2:      layout_basic
D:3:      layout_rooms, mainiacjoe_overflow_paths, gammafunk_ghost_necromancy

Skill      XL: |  1  2  3  4 |
---------------+-------------+-----
Spellcasting   | 3 4 |  4.4
Dodging        | |  2.0
Stealth        | |  2.8
Transmutations | |  1.0
Poison Magic   | |  3.6

Action                     |  1- 3 |  4- 6 || total
---------------------------+-------+-------++-------
  Melee: Staff             |    60 |    19 ||    79
         Constrict         |    17 |     5 ||    22
         Tentacles         |    12 |     3 ||    15
   Cast: Sting             |     5 |     4 ||     9
    Use: Scroll            |     3 |       ||     3
         Potion            |     2 |       ||     2
   Stab: Sleeping          |     4 |       ||     4
 Armour: Skin              |    15 |     4 ||    19
  Dodge: Dodged            |    55 |    16 ||    71
